 Dungeon Crawl Stone Soup version 0.32-a0-560-g4c7f4391e0 (webtiles) character file.

Game seed: 8010572417140900274

18 quinnr the Gusty (level 2, -4/15 HPs)
             Began as a Tengu Air Elementalist on Feb 29, 2024.
             Slain by an orc
             ... wielding a +0 morningstar
              (8 damage)
             ... on level 2 of the Dungeon.
             The game lasted 00:01:45 (1093 turns).

quinnr the Gusty (Tengu Air Elementalist)           Turns: 1093, Time: 00:01:45

Health: -4/15      AC:  2    Str:  8    XL:     2   Next: 66%
Magic:  4/6        EV: 12    Int: 15    God:
Gold:   96         SH:  5    Dex: 14    Spells: 2/5 levels left

rFire   . . .        (no weapon)
rCold   . . .        (no shield)
rNeg    . . .        a - +0 robe
rPois   .            (helmet restricted)
rElec   .            (no cloak)
rCorr   .            (no gloves)
SInv    .            (boots unavailable)
Will    .....        d - amulet of reflection
Stlth   ++           (no ring)
HPRegen 0.22/turn    (no ring)
MPRegen 0.10/turn

%: reflection, acrobat
@: no status effects
A: beak, talons 3, acrobatic
a: no special abilities


You were on level 2 of the Dungeon.
You visited 1 branch of the dungeon, and saw 2 of its levels.

You collected 96 gold pieces.


Innate Abilities, Weirdness & Mutations

You have a beak for a mouth.
You have claws for feet.
You can magically evade attacks while moving or waiting.


   Skills:
 - Level 2.1 Dodging
 - Level 2.0 Stealth
 - Level 2.0 Spellcasting
 + Level 1.8 Conjurations
 * Level 5.0 Air Magic


You had 2 spell levels left.
You knew the following spells:

 Your Spells              Type           Power      Damage    Failure   Level
t - Static Discharge      Conj/Air       22%        3-4/arc   9%          2
z - Shock                 Conj/Air       44%        1d5       5%          1

Your spell library contained the following spells:

 Spells                   Type           Power      Damage    Failure   Level
 Swiftness                Air            16%        N/A       9%          3
 Airstrike                Air            8%         2d(2-18)  28%         4

Inventory:

Armour
 a - a +0 robe (worn)
Jewellery
 d - an amulet of reflection (around neck)
Scrolls
 g - 2 scrolls of identify {unknown}
 h - a scroll of enchant armour {unknown}
 i - a scroll of amnesia {unknown}
Potions
 b - a potion of magic
 c - 2 potions of mutation {unknown}
 e - 3 potions of heal wounds {unknown}
 f - 2 potions of enlightenment {unknown}
 j - a potion of curing {unknown}
 k - a potion of might {unknown}

Dungeon Overview and Level Annotations

Branches:
Dungeon (2/15)

Altars:

▒......ß.....
▒............
▒▒...........
▒▒▒..........########
............# #o@...#
............# #.....#
............###.$...#
................wO....
.........#..............
........####.....J...>..
.ß.....## #.#..........
.#####..####.#..........
#........#......


You could see an ogre, a ribbon worm, an orc and an endoplasm.


Message History

Unknown command.
Things that are here:
a +0 mace; a +0 chain mail; an orc corpse You start resting.
HP restored.
Magic restored.
There is a stone staircase leading down here.
There is a stone staircase leading down here.
You finish memorising.
Spell assigned to 't'.
You climb downwards.
The ogre shouts!
You hear an angry hiss.
The orc hits you with a +0 morningstar.
There is a stone staircase leading up, spattered with blood here.
Casting: Shock (safe; 5% risk of failure)
Confirm with . or Enter, or press ? or * to list all spells.
The orc is struck by an arc of lightning.
The orc is heavily wounded.
You are struck by an arc of lightning.
The lightning grounds out.
The endoplasm quivers.
The orc barely misses you.
The ribbon worm expels a string of sticky webbing.
The stream of webbing hits you but does no damage.
You are caught in a web!
Unknown command.
Unknown command.
The orc hits you with a +0 morningstar.
* * * LOW HITPOINT WARNING * * *
The orc hits you with a +0 morningstar!
Ouch! That really hurt!
You die...

Skill      XL: |  1  2 |
---------------+-------+-----
Air Magic      | 5 |  5.0
Dodging        | |  2.1
Stealth        | |  2.0
Spellcasting   | |  2.0
Conjurations   | |  1.8

Action                     || total
---------------------------++-------
  Melee: Unarmed           ||     8
         Kick              ||     2
   Cast: Shock             ||    35
         Static Discharge  ||     1
 Armour: Robe              ||    10
  Dodge: Dodged            ||    13
  Block: Other             ||     6

Levels and vault maps discovered:
D:1:      lightli_arrival_statuegarden, layout_loops_ring,
          hellmonk_ecumenical_altar_lost_god, kennysheep_crisscross
D:2:      layout_rooms, serial_curves, eino_curves_01, eino_curves_02,
          kennysheep_decorative_pillar, uniq_natasha

Notes
Turn   | Place    | Note
-------+----------+-------------------------------------------
     0 | D:1      | quinnr the Tengu Air Elementalist began the quest for the
                  | Orb.
     0 | D:1      | Reached XP level 1. HP: 10/10 MP: 4/4
   159 | D:1      | Found a faded altar of an unknown god.
   488 | D:1      | Reached XP level 2. HP: 11/15 MP: 0/6
   984 | D:2      | Reached skill level 5 in Air Magic
  1089 | D:1      | Learned a level 2 spell: Static Discharge
  1090 | D:2      | Noticed an ogre
  1093 | D:2      | Slain by an orc

Vanquished Creatures
  A dart slug (D:1)
  2 orcs
  2 endoplasms (D:2)
  A goblin (D:2)
  A hobgoblin (D:1)
  2 quokkas
  2 bats
  2 frilled lizards
13 creatures vanquished.

Table legend: (Time is in decaauts)
 A = Elapsed time spent in this place.
 B = Non-inter-level travel time spent in this place.
 C = Inter-level travel time spent in this place.
 D = Time resting spent in this place.
 E = Time spent auto-exploring this place.
 F = Levels seen in this place.
 G = Mean time per level.
                   A        B        C        D        E       F      G
               +--------+--------+--------+--------+--------+-----+--------+
         Total |   1095 |   1024 |     71 |     93 |    743 |   2 |  547.5 |
       Dungeon |   1095 |   1024 |     71 |     93 |    743 |   2 |  547.5 |
               +--------+--------+--------+--------+--------+-----+--------+

Top non-repeatable levels by time:
     D:1: 933 daAuts
     D:2: 162 daAuts

Table legend:
 A = Non-vault XP
 B = Vault XP
 C = Vault XP percentage of total XP
 D = Non-vault monster count
 E = Vault monster count
 F = Vault count percentage of total count
                 A         B        C        D         E       F
            +---------+---------+-------+---------+---------+-------
      Total |      26 |       0 |   0.0 |      13 |       0 |   0.0
            +---------+---------+-------+---------+---------+-------
        D:1 |      13 |       0 |   0.0 |       6 |       0 |   0.0
        D:2 |      13 |       0 |   0.0 |       7 |       0 |   0.0
            +---------+---------+-------+---------+---------+-------

Levels and vault maps discovered:
D:1:      lightli_arrival_statuegarden, layout_loops_ring,
          hellmonk_ecumenical_altar_lost_god, kennysheep_crisscross
D:2:      layout_rooms, serial_curves, eino_curves_01, eino_curves_02,
          kennysheep_decorative_pillar, uniq_natasha
